 Dungeon Crawl Stone Soup version 0.21-a0-78-g82a99e0 (webtiles) character file.

1212 4thArraOfDagon the Distorting Demonspawn (level 8, -1/60 HPs)
             Began as a Demonspawn Abyssal Knight on June 21, 2017.
             Was a Believer of Lugonu.
             Slain by a wyvern skeleton (2 damage)
             ... on level 6 of the Dungeon.
             The game lasted 00:12:26 (2592 turns).

4thArraOfDagon the Distorting Demonspawn (DsAK)     Turns: 2592, Time: 00:12:26

Health: -1/60      AC:  7    Str: 12    XL:     8   Next: 22%
Magic:  12/12      EV: 10    Int: 15    God:    Lugonu [**....]
Gold:   232        SH:  0    Dex: 14    Spells: 7/7 levels left

rFire    . . .     SeeInvis .   a - +1 falchion
rCold    . . .     Gourm    .   (no shield)
rNeg     . . .     Faith    .   e - +0 scale mail
rPois    .         Spirit   .   (no helmet)
rElec    .         Reflect  .   (no cloak)
rCorr    .         Harm     .   (no gloves)
MR       .....                  (no boots)
Stlth    ..........             (no amulet)
HPRegen  0.20/turn              d - +1 ring of slaying
MPRegen  0.13/turn              (no ring)

@: no status effects
A: talons 2, demonic guardian 1
a: Depart the Abyss, Bend Space, Renounce Religion


You were on level 6 of the Dungeon.
You worshipped Lugonu.
Lugonu was pleased with you.
You were not hungry.

You visited 1 branch of the dungeon, and saw 6 of its levels.
You visited the Abyss 1 time.

You collected 232 gold pieces.

Inventory:

Hand Weapons
 a - a +1 falchion (weapon)
 j - a +0 longbow
 n - a +0 blowgun
 q - a +2 short sword of electrocution
Missiles
 o - 34 poisoned needles
Armour
 b - a +0 leather armour
 e - a +0 scale mail (worn)
Jewellery
 d - a +1 ring of slaying (left hand)
 i - an uncursed ring of fire
 s - an uncursed ring of fire
Scrolls
 h - a scroll of remove curse
 k - a scroll of magic mapping {unknown}
 l - a scroll of vulnerability {unknown}
 t - a scroll of noise
 u - a scroll of enchant armour
Potions
 g - a potion of flight
Comestibles
 c - 4 bread rations
 f - 2 meat rations
 m - 2 chunks of flesh


   Skills:
 + Level 3.7 Fighting
 * Level 5.8 Long Blades
 + Level 3.9 Armour
 + Level 4.0 Dodging
 + Level 6.0 Invocations


You had 7 spell levels left.
You didn't know any spells.

Dungeon Overview and Level Annotations

Branches:
Dungeon (6/15)             Temple (0/1) D:5

Altars:
Fedhas
Gozag
Nemelex Xobeh
Sif Muna
Uskayaw
The Shining One

Annotations:
D:6 Eustachio


Innate Abilities, Weirdness & Mutations

You have razor-sharp toenails.
A weak demonic guardian rushes to your aid.


Message History

The wyvern skeleton is moderately damaged.
The wyvern skeleton bites you!
* * * LOW HITPOINT WARNING * * *
Unknown command.
You hit the wyvern skeleton.
The wyvern skeleton is moderately damaged.
The wyvern skeleton bites you but does no damage.
Unknown command.
You hit the wyvern skeleton. You claw the wyvern skeleton.
The wyvern skeleton is heavily damaged.
The wyvern skeleton bites you!
* * * LOW HITPOINT WARNING * * *
The wyvern skeleton bites you.
* * * LOW HITPOINT WARNING * * *
Unknown command.
Unknown command.
You slash the wyvern skeleton! You claw the wyvern skeleton.
The wyvern skeleton is severely damaged.
The wyvern skeleton bites you.
You die...

...... #....# ######
##....#
.....#########.....
.....#...........#
.....#.......#.5o#
(..<.........#.#o#
...............#Z#
............o5.#@#
...............#§#
..........o....#5#
.....§...o.....#.#
.................#
...............###
.................##.#
.......#.............
.......###.##.##.##.


You could see a crimson imp, 2 orcs, a wyvern skeleton and a friendly ufetubus.

Vanquished Creatures
  The ghost of KristoblXynda the Chucker, an amateur OgHu (D:3)
  2 ice beasts
  A necrophage (D:5)
  An ogre (D:4)
  The ghost of 4thArraOfDagon the Sneak, an amateur FeSu of Cheibriados (D:5)
  2 bullfrog zombies
  A hound (D:5)
  A centaur zombie (D:6)
  2 orc wizards (D:4)
  A jelly (D:5)
  An iguana (D:6)
  A worker ant (D:4)
  A hound zombie (D:5)
  A howler monkey skeleton (D:4)
  8 adders
  A river rat (D:5)
  An ooze (D:5)
  3 leopard geckos
  2 orcs (D:4)
  4 giant cockroaches
  3 goblins
  6 hobgoblins (D:1)
  5 kobolds
  A quokka (D:2)
  2 ball pythons
  4 bats
  7 frilled lizards
  7 rats
71 creatures vanquished.

Vanquished Creatures (collateral kills)
  An ice beast (D:5)
  A sky beast (D:6)
  An ogre (D:5)
  3 centaurs
  A crimson imp (D:5)
7 creatures vanquished.

Grand Total: 78 creatures vanquished

Notes
Turn   | Place    | Note
-------+----------+-------------------------------------------
     0 | Abyss:1  | 4thArraOfDagon the Demonspawn Abyssal Knight began the quest for the Orb.
     0 | Abyss:1  | Reached XP level 1. HP: 18/18 MP: 2/2
    16 | Abyss:2  | Noticed a large abomination
    43 | D:1      | Escaped the Abyss
   122 | D:1      | Reached skill level 1 in Dodging
   199 | D:1      | Gained mutation: A weak demonic guardian rushes to your aid. [demonic ancestry]
   199 | D:1      | Reached XP level 2. HP: 14/24 MP: 4/4
   370 | D:1      | Reached * piety under Lugonu
   476 | D:2      | Reached XP level 3. HP: 13/29 MP: 5/5
   608 | D:3      | Reached skill level 3 in Invocations
   648 | D:3      | Found a sparkling altar of Nemelex Xobeh.
   649 | D:3      | Found an opulent altar of Gozag.
   745 | D:3      | Found a deep blue altar of Sif Muna.
   792 | D:3      | Noticed KristoblXynda's ghost (amateur OgHu)
   830 | D:3      | Killed KristoblXynda's ghost
   830 | D:3      | Reached XP level 4. HP: 27/35 MP: 6/6
   994 | D:4      | Noticed a centaur
  1006 | D:3      | Killed a centaur
  1006 | D:3      | Gained mutation: You have sharp toenails. [demonic ancestry]
  1006 | D:3      | Reached XP level 5. HP: 35/41 MP: 7/7
  1019 | D:4      | Reached skill level 4 in Invocations
  1055 | D:5      | Entered Level 5 of the Dungeon
  1060 | D:5      | Noticed 4thArraOfDagon's ghost (amateur FeSu)
  1064 | D:5      | Noticed an ice beast
  1070 | D:4      | Noticed an ogre
  1102 | D:4      | Killed an ogre
  1102 | D:4      | Reached XP level 6. HP: 42/47 MP: 9/9
  1347 | D:5      | Noticed an ice beast
  1356 | D:5      | Killed an ice beast
  1363 | D:5      | Found a staircase to the Ecumenical Temple.
  1496 | D:5      | Reached ** piety under Lugonu
  1496 | D:5      | Reached skill level 5 in Invocations
  1496 | D:5      | Reached XP level 7. HP: 31/52 MP: 10/10
  1652 | D:5      | Killed 4thArraOfDagon's ghost
  1652 | D:5      | Reached skill level 5 in Long Blades
  1684 | D:5      | Found a blossoming altar of Fedhas.
  1684 | D:5      | Found a hide-covered altar of Uskayaw.
  1756 | D:5      | Found a glowing golden altar of the Shining One.
  2366 | D:6      | Gained mutation: You have razor-sharp toenails. [demonic ancestry]
  2366 | D:6      | Reached XP level 8. HP: 32/58 MP: 12/12
  2475 | D:6      | Noticed Eustachio
  2538 | D:6      | Reached skill level 6 in Invocations
  2591 | D:6      | HP: 1/60 [wyvern skeleton (4)]
  2592 | D:6      | Slain by a wyvern skeleton

Vault maps used:
D:1:      enne_arrival_octagon_isle, hangedman_decor_riveting, st_stairs_12
D:3:      grunt_temple_overflow_opulence, makhleb_blood_cavern_becter,
          led_sif_pool, uniq_crazy_yiuf_cottage
D:4:      nemelex_spade_bored_becter, uniq_pikel
D:5:      chequers_temple_overflow_minitemple, temple_hall, first_bread,
          portal_sewer_entry_b
D:6:      nicolae_ossuary_entry_false_entrances, grunt_ministairs_14,
          uniq_eustachio

Skill      XL: |  1  2  3  4  5  6  7  8 |
---------------+-------------------------+-----
Long Blades    | 2 3 4 5 |  5.8
Dodging        | 1 2 3 4 |  4.0
Invocations    | 3 4 5 6 |  6.0
Armour         | 2 3 |  3.9
Fighting       | |  3.7

Action                   |  1- 3 |  4- 6 |  7- 9 || total
-------------------------+-------+-------+-------++-------
Melee: Falchion          |   110 |    95 |   182 ||   387
       Kick              |       |    13 |    67 ||    80
Invok: Depart the Abyss  |     1 |       |       ||     1
  Use: Potion            |     3 |     5 |     4 ||    12
       Scroll            |       |     6 |     6 ||    12
 Stab: Distracted        |       |       |     1 ||     1
  Eat: Chunk             |       |     2 |     4 ||     6
Armor: Scale mail        |    45 |    23 |    92 ||   160
       Skin              |    13 |    24 |       ||    37
Dodge: Dodged            |    63 |    32 |   119 ||   214
       Rpst.: Falchion   |    17 |     7 |    30 ||    54
